 Dungeon Crawl Stone Soup version 0.21.1-1-g345015fe64 (webtiles) character file.

101 PikkenKukken the Skirmisher (level 4, -5/37 HPs)
             Began as a Demonspawn Fighter on June 25, 2018.
             Slain by Crazy Yiuf
             ... wielding a +3 quarterstaff of chaos
              (6 damage)
             ... on level 2 of the Dungeon.
             The game lasted 00:04:05 (1874 turns).

PikkenKukken the Skirmisher (Demonspawn Fighter)    Turns: 1874, Time: 00:04:07

Health: -5/37      AC:  8    Str: 17    XL:     4   Next: 48%
Magic:  4/4        EV:  7    Int: 10    God:
Gold:   103        SH:  9    Dex: 12    Spells: 3/3 levels left

rFire    . . .     SeeInvis .   a - +0 long sword
rCold    . . .     Gourm    .   c - +0 shield
rNeg     . . .     Faith    .   b - +0 scale mail
rPois    .         Spirit   .   m - +0 helmet
rElec    .         Reflect  .   (no cloak)
rCorr    .         Harm     .   (no gloves)
MR       .....                  (no boots)
Stlth    ..........             (no amulet)
HPRegen  0.12/turn              (no ring)
MPRegen  0.09/turn              (no ring)

@: no status effects
A: claws 1
a: no special abilities


You were on level 2 of the Dungeon.
You were not hungry.

You visited 1 branch of the dungeon, and saw 2 of its levels.

You collected 103 gold pieces.

Inventory:

Hand Weapons
 a - a +0 long sword (weapon)
Armour
 b - a +0 scale mail (worn)
 c - a +0 shield (worn)
 m - a +0 helmet (worn)
Jewellery
 g - an uncursed amulet of the gourmand {unknown}
 h - a cursed -5 ring of dexterity {unknown}
 k - an uncursed ring of protection from cold {unknown}
Scrolls
 e - 2 scrolls of immolation
 j - 3 scrolls of remove curse {unknown}
 l - a scroll of noise {unknown}
Potions
 d - a potion of might
Comestibles
 f - 7 rations


   Skills:
 + Level 3.6 Fighting
 + Level 2.6 Long Blades
 + Level 3.4 Armour
 + Level 3.3 Shields


You had 3 spell levels left.
You didn't know any spells.

Dungeon Overview and Level Annotations

Branches:
Dungeon (2/15)

Altars:
Dithmenos
Xom

Annotations:
D:2 Crazy Yiuf


Innate Abilities, Weirdness & Mutations

You have sharp fingernails.


Message History

Crazy Yiuf the Enlightened comes into view.
He is wielding a quarterstaff of chaos.
Crazy Yiuf shouts!
Found a runed mace.
There is an open door here.
Your shield prevents you from hitting Crazy Yiuf.
You block Crazy Yiuf's attack.
Your shield and scale mail prevent you from hitting Crazy Yiuf.
Crazy Yiuf hits you with a quarterstaff of chaos!
Crazy Yiuf hits you with a quarterstaff of chaos.
You hit Crazy Yiuf.
Crazy Yiuf is lightly wounded.
Crazy Yiuf hits you with a quarterstaff of chaos!
You are too injured to fight recklessly!
You hit Crazy Yiuf.
Crazy Yiuf is moderately wounded.
Crazy Yiuf grits, "Goober!
Seed song tortoise."
Crazy Yiuf hits you with a quarterstaff of chaos!
* * * LOW HITPOINT WARNING * * *
Crazy Yiuf freezes you.
You die...

##### #)..#
#...# #.g.#
#@# ♣.♣♣
############
♣♣.♣
...........#
♣.♣♣
#.######.<.#
♣♣.♣
..######.###
♣♣.♣♣
...........#
♣♣...♣
..#....#####
♣....♣
....####
#....#


You could see Crazy Yiuf.

Vanquished Creatures
  Terence (D:2)
  3 adders (D:2)
  A dart slug (D:1)
  A leopard gecko (D:2)
  A ball python (D:1)
  4 giant cockroaches
  4 goblins
  5 hobgoblins
  2 jackals (D:1)
  5 kobolds
  6 bats
  7 frilled lizards
  5 rats
45 creatures vanquished.

Notes
Turn   | Place    | Note
-------+----------+-------------------------------------------
     0 | D:1      | PikkenKukken the Demonspawn Fighter began the quest for the Orb.
     0 | D:1      | Reached XP level 1. HP: 18/18 MP: 1/1
   209 | D:1      | Gained mutation: You have sharp fingernails. [demonic ancestry]
   209 | D:1      | Reached XP level 2. HP: 17/24 MP: 2/2
   741 | D:1      | Found a burning altar of Makhleb.
   743 | D:1      | Found a stormy altar of Qazlal.
   743 | D:1      | Found a shimmering altar of Xom.
   745 | D:1      | Found a stormy altar of Qazlal.
   745 | D:1      | Found a shimmering altar of Xom.
   745 | D:1      | Found a hazy altar of Hepliaklqana.
   816 | D:2      | Reached XP level 3. HP: 20/29 MP: 3/3
  1549 | D:2      | Found a shadowy altar of Dithmenos.
  1562 | D:2      | Reached XP level 4. HP: 35/35 MP: 4/4
  1706 | D:2      | Noticed Terence
  1715 | D:2      | Killed Terence
  1865 | D:2      | Found a runed door.
  1869 | D:2      | Noticed Crazy Yiuf
  1874 | D:2      | HP: 1/37 [Crazy Yiuf/quarterstaff of chaos (11)]
  1874 | D:2      | Slain by Crazy Yiuf

Skill      XL: |  1  2 |
---------------+-------+-----
Long Blades    | 2 |  2.6
Armour         | 3 |  3.4
Shields        | 3 |  3.3
Fighting       | |  3.6

Action                   |  1- 3 |  4- 6 || total
-------------------------+-------+-------++-------
Melee: Long sword        |   142 |    46 ||   188
  Use: Scroll            |     1 |       ||     1
       Potion            |     1 |       ||     1
  Eat: Chunk             |     2 |     2 ||     4
Armor: Scale mail        |    88 |    26 ||   114
Dodge: Dodged            |    60 |    16 ||    76
Block: Shield            |    92 |    23 ||   115
       Rpst.: Long sword |    18 |     6 ||    24
